Cogmind - Beta 15 @@@ ROGUE MODE // 2025.08.12 @ 01:35:25 Player: Moritz Result: Destroyed by LW-86T(h) with Bolt Gun Performance ------------- Evolutions (0) 0 Regions Visited (3) 600 Robots Destroyed (5) 25 Value Destroyed (49) 49 Prototype IDs (6) 120 Alien Tech Used (0) 0 Bonus (787) 787 TOTAL SCORE: 1581 Bonus ------- Registered with UFD 300 Met Optimus in HQ 500 Friendly Fire -13 Cogmind --------- Core Integrity 0/250 Matter 285/300 Energy 114/125 System Corruption 0% Temperature Cool (23) Movement Flying (40) Location -7/Scraptown Parts ------- > --- POWER (1) -------- Light Ion Engine > --- PROPULSION (2) --- Flight Unit > --- UTILITY (2) ------ Hacking Suite > --- WEAPON (2) ------- (None) > --- INVENTORY (5) ---- Light Ion Engine Cloaking Device Hacking Suite Datajack DRS Beacon (Ready) Peak State ------------ > --- POWER ------------ Light Ion Engine > --- PROPULSION ------- Aluminum Leg Aluminum Leg > --- UTILITY ---------- Small Storage Unit Improved Terrain Scanner > --- WEAPON ----------- Subdweller Laser Datajack > --- INVENTORY -------- Ion Engine Light Ion Engine Flight Unit Flight Unit Flight Unit Flight Unit Visual Processing Unit Hacking Suite [Rating: 11] Favorites ----------- Power Light Ion Engine Engine Light Ion Engine Propulsion Aluminum Leg Leg Aluminum Leg Flight Unit Flight Unit Utility Small Storage Unit Device Improved Terrain Scanner Storage Small Storage Unit Hackware Hacking Suite Weapon Datajack Energy Gun Medium Laser Ballistic Gun Light Assault Rifle Special Melee Weapon Datajack Build | -11 -10 -10 -7 ------- Run | Yrd Mat Sub Scr Slots Evolved . | . . . . Power . | . . . . Propulsion . | . . . . Utility . | . . . . Weapon . | . . . . Parts Attached 17 | 7 5 1 4 Power 2 | 1 1 . . Engine 2 | 1 1 . . Core . | . . . . Reactor . | . . . . Propulsion 7 | 2 2 . 3 Treads . | . . . . Leg 2 | 2 . . . Wheel . | . . . . Hover . | . . . . Flight 5 | . 2 . 3 Utility 3 | 2 . . 1 Device 1 | 1 . . . Storage 1 | 1 . . . Processor . | . . . . Hackware 1 | . . . 1 Protection . | . . . . Artifact . | . . . . Weapon 5 | 2 2 1 . Energy Gun 3 | 2 . 1 . Energy Cannon . | . . . . Ballistic Gun 1 | . 1 . . Ballistic Cannon . | . . . . Launcher . | . . . . Special Weapon . | . . . . Impact Weapon . | . . . . Slashing Weapon . | . . . . Piercing Weapon . | . . . . Special Melee Weapon 1 | . 1 . . Unidentified Prototypes . | . . . . Parts Lost 5 | . . 1 4 Power . | . . . . Propulsion 4 | . . . 4 Utility . | . . . . Weapon 1 | . . 1 . Highest Loss Streak 4 | . . 1 4 To Critical Strikes . | . . . . Average Backups 7 | 4 7 8 7 Power 1 | 1 2 2 1 Propulsion 3 | 3 2 4 3 Utility 1 | . 1 2 2 Weapon . | . . . . Tool/Special . | . . . . Unused Backups 9 | . 5 . 4 Power 1 | . . . 1 Propulsion 5 | . 5 . . Utility 3 | . . . 3 Weapon . | . . . . Tool/Special . | . . . . Average Slot Usage (%) 93 | . 100 98 89 Engine 14 | . 14 14 14 Leg 22 | . 27 28 18 Flight 5 | . . . 9 Device 11 | . 14 14 9 Storage 14 | . 14 14 14 Hackware 2 | . . . 4 Energy Gun 9 | . 15 . 9 Ballistic Gun 3 | . 4 12 . Special Melee Weapon 9 | . 7 14 9 Peak Build Rating 11 | 9 10 11 11 Average Rating 9 | 6 9 9 10 On Entrance 7 | . 9 10 11 Naked Turns . | . . . . Heaviest Build 15 | 15 15 14 14 Greatest Support 20 | 20 20 20 20 Greatest Overweight (x) 2 | 2 . . . Average Overweight (x) . | . . . . Largest Inventory Capacity 8 | 8 8 8 8 Average Capacity 7 | 7 8 8 7 Most Carried 8 | 7 8 8 8 Average Carried 7 | 4 7 8 7 Final Capacity 8 | 8 8 8 5 Final Carried 8 | 7 8 8 5 Class Distribution -------------------- 100% | Mutant Dominant Class ---------------- Mutant | -10/Materials Mutant | -10/Subcaves Mutant | -7/Scraptown Resources | -11 -10 -10 -7 ----------- Run | Yrd Mat Sub Scr Matter Collected 413 | 223 101 39 50 Remotely . | . . . . Salvage Created 141 | 97 44 . . Parts 11 | 6 5 . . Haulers Intercepted . | . . . . Recyclers Shooed . | . . . . Parts Field Recycled . | . . . . Retrieved Matter . | . . . . Parts Self-Destructed 4 | . . 4 . Prevented . | . . . . Kills | -11 -10 -10 -7 ------- Run | Yrd Mat Sub Scr Combat Hostiles Destroyed 2 | . 2 . . Guns 2 | . 2 . . Classes Destroyed 4 | 2 2 . . Tunneler 1 | 1 . . . Recycler 1 | 1 . . . Watcher 1 | . 1 . . Swarmer 2 | . 2 . . Best Kill Streak 2 | 1 2 . . Combat Bots Only 2 | . 2 . . Max Kills in Single Turn 1 | 1 1 . . Gunslinging . | . . . . Exploded . | . . . . Melee . | . . . . Uniques/NPCs Destroyed . | . . . . Combat | -11 -10 -10 -7 -------- Run | Yrd Mat Sub Scr Hostile Shots Fired 57 | . 19 5 33 Missed 19 | . 7 2 10 Hits 38 | . 12 3 23 Melee 1 | . . . 1 Projectile 37 | . 12 3 22 AOE 5 | . . 5 . Damage Taken 651 | . 93 227 331 Core 259 | . 28 40 191 Absorbed by Shields . | . . . . Core Remaining (%) 100 | 100 . . . Volleys Fired 19 | 6 9 4 . Largest 2 | 2 2 1 . Hottest 100 | 100 100 20 . Shots Fired 29 | 11 14 4 . Gun 29 | 11 14 4 . Cannon . | . . . . Launcher . | . . . . Special . | . . . . Kinetic 7 | . 3 4 . Thermal 22 | 11 11 . . Explosive . | . . . . Electromagnetic . | . . . . Robot Hit Streak 9 | 9 2 3 . Robot Miss Streak 3 | 2 3 2 . Penetration Max . | . . . . Secondary Targets . | . . . . Shots Hit Robots 16 | 9 4 3 . Core Hits 8 | 3 3 2 . Critical Kills . | . . . . Critical Parts Destroyed . | . . . . Critical Strikes 3 | 1 2 . . Burn 3 | 1 2 . . Melee Attacks . | . . . . Impact . | . . . . Slashing . | . . . . Piercing . | . . . . Sneak Attacks . | . . . . Combat Hostiles . | . . . . Follow-up Attacks . | . . . . Damage Inflicted 197 | 113 58 26 . Guns 197 | 113 58 26 . Cannons . | . . . . Explosions . | . . . . Melee . | . . . . Ramming . | . . . . Kinetic 34 | . 8 26 . Thermal 163 | 113 50 . . Explosive . | . . . . Electromagnetic . | . . . . Impact . | . . . . Slashing . | . . . . Piercing . | . . . . Highest Corruption . | . . . . Average Corruption . | . . . . Corruption Purged . | . . . . Corruption Blocked . | . . . . Overload Shots . | . . . . Overflow Damage . | . . . . Projectiles . | . . . . Explosions . | . . . . Melee . | . . . . Knockbacks . | . . . . Impact . | . . . . Kinetic . | . . . . Secondary . | . . . . Self-Inflicted Damage . | . . . . Shots . | . . . . Rammed . | . . . . Targets Rammed . | . . . . Kicked . | . . . . Crushed . | . . . . Highest Temperature 117 | 117 78 . 22 Average Temperature 41 | 48 37 . 12 Received Heat Transfer 114 | . . . 114 Siege Activations . | . . . . Martial Activations . | . . . . Shielding Activations . | . . . . Robots Disrupted . | . . . . Combat Hostiles . | . . . . Robots Corrupted . | . . . . Combat Hostiles . | . . . . Parts Fried . | . . . . Impact Corruptions . | . . . . Robots Melted . | . . . . Combat Hostiles . | . . . . Parts Melted 4 | 2 2 . . Heat Transferred 703 | 407 296 . . Parts Sabotaged . | . . . . Parts Stolen . | . . . . Parts Stripped . | . . . . Power Chain Reactions . | . . . . Alert | -11 -10 -10 -7 ------- Run | Yrd Mat Sub Scr Maximum Alert Level . | . . . . Low Security (%) 100 | 100 100 . . Level 1 . | . . . . Level 2 . | . . . . Level 3 . | . . . . Level 4 . | . . . . Level 5 . | . . . . High Security . | . . . . Max Security . | . . . . Peak Influence 86 | 5 86 . . Initial . | . . . . Average 14 | . 20 . . Influence Increases 117 | 10 107 . . Destroy 0b10 Robot/C 40 | . 40 . . Destroy 0b10 Robot/NC 15 | 10 5 . . Destroy Leader 2 | . 2 . . Successful Hack 14 | . 14 . . Destroy Structure 1 | . 1 . . Lose Combat Pursuer 45 | . 45 . . Influence Decreases 117 | 10 83 24 . Entered New Map 12 | . . 12 . Time Decay 105 | 10 83 12 . Squads Dispatched 1 | . 1 . . Investigation 1 | . 1 . . Extermination . | . . . . Reinforcement . | . . . . Assault . | . . . . Garrison . | . . . . Intercept . | . . . . Searches Triggered . | . . . . Construction Impeded . | . . . . Haulers Reinforced . | . . . . Active Scanning Responses . | . . . . Cargo Convoy Interrupts . | . . . . Stealth | -11 -10 -10 -7 --------- Run | Yrd Mat Sub Scr Distress Signals 2 | . 2 . . Communications Jammed . | . . . . Distress Signals . | . . . . Times Spotted 24 | . 6 2 16 Peak Tracking Total 11 | . 3 1 11 Tactical Retreats 2 | . 1 . 1 Traps | -11 -10 -10 -7 ------- Run | Yrd Mat Sub Scr Traps Triggered . | . . . . Indirectly . | . . . . Trap Hack Attempts . | . . . . Triggered . | . . . . Disarmed 4 | . 4 . . Reprogrammed . | . . . . Reused . | . . . . Traps Extracted . | . . . . Installed . | . . . . Triggered . | . . . . Machines | -11 -10 -10 -7 ---------- Run | Yrd Mat Sub Scr Machines Disabled . | . . . . Max in Single Turn . | . . . . Machines Repaired . | . . . . Machines Dismantled . | . . . . Machines Sabotaged . | . . . . Overloaded Fab Kills . | . . . . Hacking | -11 -10 -10 -7 --------- Run | Yrd Mat Sub Scr Machines Accessed 9 | . 3 . 6 Terminals 2 | . 2 . . Fabricators . | . . . . Repair Stations . | . . . . Recycling Units 1 | . 1 . . Scanalyzers . | . . . . Garrison Access . | . . . . Total Hacks 45 | . 6 . 39 Successful 45 | . 6 . 39 Failed . | . . . . Catastrophic . | . . . . Database Lockouts . | . . . . Manual . | . . . . Terminals 5 | . 5 . . Fabricators . | . . . . Repair Stations . | . . . . Recycling Units 1 | . 1 . . Scanalyzers . | . . . . Garrison Access . | . . . . Terminal Hacks 44 | . 5 . 39 Record 39 | . 1 . 38 Locate Traps 1 | . 1 . . Disarm Traps 1 | . 1 . . Recall Investigation 2 | . 2 . . Proto ID Catalog 1 | . . . 1 Fabricator Hacks . | . . . . Repair Station Hacks . | . . . . Recycling Unit Hacks 1 | . 1 . . Report Inventory 1 | . 1 . . Scanalyzer . | . . . . Garrison Access Hacks . | . . . . Unauthorized Hacks . | . . . . Terminals . | . . . . Fabricators . | . . . . Repair Stations . | . . . . Recycling Units . | . . . . Scanalyzers . | . . . . Garrison Access . | . . . . Data Cores Recovered 1 | . 1 . . Used 1 | . 1 . . Hacking Detections 2 | . 2 . . Full Trace Events . | . . . . Feedback Events . | . . . . Feedback Blocked . | . . . . Robot Schematics Acquired . | . . . . Robots Built . | . . . . Authchips . | . . . . Time . | . . . . Total Robot Build Rating . | . . . . Part Schematics Acquired . | . . . . Parts Built . | . . . . Authchips . | . . . . Time . | . . . . Total Part Build Rating . | . . . . Parts Repaired . | . . . . Time . | . . . . Parts Recycled . | . . . . Recycled Matter . | . . . . Retrieved Matter . | . . . . Retrieved Components . | . . . . Parts Scanalyzed . | . . . . Part Schematics Acquired . | . . . . Parts Damaged . | . . . . Bothacking | -11 -10 -10 -7 ------------ Run | Yrd Mat Sub Scr Used RIF Installer . | . . . . Robots Hacked . | . . . . Non-combat . | . . . . Combat . | . . . . Robot Hacks Applied . | . . . . Relay Couplers Released . | . . . . Fabnet Peak Effective % . | . . . . Robots Rewired . | . . . . Allies Hacked . | . . . . Hacks Repelled . | . . . . Allies | -11 -10 -10 -7 -------- Run | Yrd Mat Sub Scr Total Allies . | . . . . Largest Group . | . . . . Highest-Rated Group . | . . . . Highest-Rated Ally . | . . . . Total Orders . | . . . . Ally Attacks . | . . . . Total Damage . | . . . . Kills . | . . . . Allies Corrupted . | . . . . Allies Melted 1 | . . . 1 Intel | -11 -10 -10 -7 ------- Run | Yrd Mat Sub Scr Active Infowar (turns) 1319 | 42 378 253 646 Terrain 1319 | 42 378 253 646 Robot Analysis Total . | . . . . Derelict Logs Recovered 1 | . . 1 . Drone Launches . | . . . . Drone Recoveries . | . . . . Exploration | -11 -10 -10 -7 ------------- Run | Yrd Mat Sub Scr Turns Passed 1774 | 155 378 253 988 Spaces Moved 2065 | 103 273 204 1485 Core 13 | 13 . . . Treads . | . . . . Legs 1093 | 90 273 204 526 Wheels . | . . . . Hover . | . . . . Flight 959 | . . . 959 Fastest Speed 34 | 50 120 120 34 Average Speed 79 | 117 120 120 64 Slowest Speed 150 | 150 120 120 120 Overloaded Moves . | . . . . Propulsion Burnouts . | . . . . Robots Hopped 2 | . . . 2 Potential Cave-ins . | . . . . Cave-ins Triggered . | . . . . Exploration Rate (%) 38 | 4 49 15 85 Regions Visited 3 Branch Regions 2 Pre-discovered Areas . | . . . . Known Exits Taken . | . . . . Unknown Exits Taken 3 | 1 1 1 . Scrap Searched 3 | . . . 3 Spaces Dug . | . . . . Terrain Destroyed . | . . . . Melee . | . . . . Projectile . | . . . . AOE . | . . . . Terrain Rammed . | . . . . Walls Destroyed . | . . . . Machines Disabled . | . . . . Actions | -11 -10 -10 -7 --------- Run | Yrd Mat Sub Scr Total 2160 | 122 312 208 1518 Wait 12 | . 1 . 11 Move 2059 | 102 272 203 1482 Hop 1 | . . . 1 Pick Up 24 | 7 11 . 6 Fast Attach 8 | 7 . 1 . Attach 6 | . . . 6 Detach 2 | . . . 2 Swap 10 | . 9 . 1 Drop 19 | . 10 . 9 Fire 19 | 6 9 4 . Melee . | . . . . Ram . | . . . . Kick . | . . . . Crush . | . . . . Escape Stasis . | . . . . Rewire . | . . . . Trap . | . . . . Miscellaneous . | . . . . Route ------- -11/Scrapyard -10/Materials (discovered 2 exits: [*Min] / [*Sub]) -10/Subcaves (discovered 2 exits: [*Mat] / *Scr) -7/Scraptown (discovered 1 exit: [*Fac]) History --------- Turn | Location | Event 20 | -11/Scrapyard | Discovered new exit (range 15) 156 | -11/Scrapyard | Entered Materials 157 | -10/Materials | Met a group of wandering Federalists 222 | -10/Materials | Discovered new exit (range 12) 308 | -10/Materials | Build established: Mutant 460 | -10/Materials | Discovered new exit (range 8) 534 | -10/Materials | Entered Subcaves 535 | -10/Subcaves | Continued accompanying wandering Federalists (4) 641 | -10/Subcaves | Discovered new exit (range 16) 664 | -10/Subcaves | Learned 2 Materials zone layouts 777 | -10/Subcaves | Shifting Twisted Machinery released Mak. Light Armor Plating 787 | -10/Subcaves | Entered Scraptown 932 | -7/Scraptown | Heard Great Nut preacher, LISTEN AND RECITE! 1040 | -7/Scraptown | Discovered new exit (range 6) 1460 | -7/Scraptown | Visited UFD Registry 1462 | -7/Scraptown | Registered with UFD as "Kinetininja" 1465 | -7/Scraptown | Visited Assassins FH 1472 | -7/Scraptown | Visited SPCMW 1483 | -7/Scraptown | Visited Symbiants 1497 | -7/Scraptown | Visited The Evicted 1598 | -7/Scraptown | Visited Science Guys 1610 | -7/Scraptown | Visited LU-1G1's Boring Crew 1672 | -7/Scraptown | Visited Derelict Rescue Squad 1676 | -7/Scraptown | Found DRS Beacon 1679 | -7/Scraptown | Found DRS Beacon 1695 | -7/Scraptown | Met Optimus 1695 | -7/Scraptown | Accepted into 0bPrime 1720 | -7/Scraptown | Visited Supply Room 1733 | -7/Scraptown | Visited DA-N13 Charitable Foundation 1738 | -7/Scraptown | Civil war broke out across Scraptown 1739 | -7/Scraptown | Visited Analyses Database 1755 | -7/Scraptown | Visited Scrapoid Research Area 1773 | -7/Scraptown | Core integrity fell below 50% 1774 | -7/Scraptown | Core integrity fell below 20% 1775 | -7/Scraptown | Destroyed by LW-86T(h) with Bolt Gun Last Messages --------------- Optimus: "No holds barred, if they're hostile, they are an enemy of the people and we must shoot to kill. Collateral damage is to be expected!" Slug penetrates 3J-KV7(j). 3J-KV7(j) destroyed. Chain reaction triggered in Lgt. Deuterium Engine. 9H-8OI(p) suffers critical hit (Burn). Flight Unit destroyed. Penetrated by Bolt. 9H-8OI(p) heat damages EM Pulse Gun. 9H-8OI(p) destroyed. VTOL Module destroyed. Penetrated by Bolt. Flight Unit destroyed. Penetrated by Bolt. Flight Unit destroyed. Dropped Sml. Storage Unit. Penetrated by Bolt. Map ----- +----------------------------------------------------+ | #"" ""# " " #?????????#" " # | | #"" ""# "" "" #?????????#" # | | ## #" "# """""" #?????????# # | | # # ## #??????????##### ##### | | ## ########## ########### ####???????##### ##### | | #???????#"""" """"" | | #???????#" | | #???????#" | | = #???????#" | | !%* #???????#" | | ################# !!! #???#####" | | ##????????####### #???#"""" """" | | #???????###""" # #???#"""" """" | | #?????###"" =# g #???#"""" ## | | #?????# " #???#"""" # | | #?????# " # #???#"""" # | | #?????# " # ###?#"""" # | | #?????# " # ""#"#"""" # | | #?????# " # """"#"""" ""# | | #?????# " # *% ""#######" "" | | #?????# " # ! ###?????#" "" | | #?????# " # j j#########" ""# | | #?????###"" # ""# | | #???????###""" # ! ""# | | #?????????####### x ""# | | #???????????????# @ j ""# | | ###?????######### *TT ""## | | ???? =%TTj =%* """" | | ??? ! h = """" | | ??? | | ??? | | ?? | | ?? j #""""#" | | ?? j #????#" | | ??? h #????#"""""" """ | | #######??????########### ### ####????####### ### | | ?????????????????????? ??# #????????#" | | ????????? ?????????? ??# #????????# | | ???????? ?????????? ??# #????????#"" "" | | ?#???????????????? ??# #????????#"" "" | | ?????????????????# ??# #????????#"" | | ????????"????????# ????# #????????#"""" | | ?????????????????# ?????# #????????#""" "" | | #????????????????? ??????# #????????#" "| | | ?#?????????????????????????# #????????#""" "" | | ?????????#?????????????????# #????????#""""" X " | | ???????????????????????????# #????????#""""""""" | | ???#??????????????????###### #????????########## | | ??#?????????????????"""""""" #????############## | | ?#?????????????????""" """"" #????# ##"" | +----------------------------------------------------+ Best States ------------- Heat Dissipation 25 Energy Generation 10 Energy Capacity 250 Matter Stores 300 Matter Capacity 300 Sight Range 16 Terrain Scan Range 16 Terrain Scan Density 10 Evasion (%) 63 Offensive Hacking 10 Item Schematics ----------------- None Robot Schematics ------------------ None Fabricated ------------ Nothing Repaired ---------- Nothing Alien Tech Used ----------------- None Achievements -------------- Dynamic Key Challenges ------------ None Game ------ Seed LegAntimatterShotgun Manual? 0 Play Time 00:46:34 Cumulative 6.8 hours Start 2025.08.10 @ 04:55:14 End 2025.08.12 @ 01:35:25 Sessions 5 Manual Loads 0 Difficulty Rogue Special Mode None Game No. 8 Rogue 8 Adventurer 0 Explorer 0 Win Type - Total 0 Types 0/0/0/0/0/0/0/0/0/0 Lore% 13 Gallery% 9 Achievement% 11 Wizard Run 0 Options --------- Layout 1 ASCII 0 Keyboard 0 Movement Mouse Keybinds 0 Fullscreen 1 Font 24/Smallcaps Map View 50x35 Zoom Use 0% Tactical HUD 0 Map Filters NONE Filters NONE Steam 1 RUN: 4166d990-914c-4ce9-b9d5-e04427612b63